 Dungeon Crawl Stone Soup version 0.17.0-23-g0de4337 (webtiles) character file.

154 JudasIscariot the Ruffian (level 5, 0/53 HPs)
             Began as a Troll Monk on Nov 14, 2015.
             Slain by an orc
             ... wielding a +0 hand axe
              (2 damage)
             ... on level 4 of the Dungeon.
             The game lasted 00:05:49 (2091 turns).

JudasIscariot the Ruffian (Troll Monk)              Turns: 2091, Time: 00:05:49

Health: 0/53       AC:  5    Str: 19    XL:     5   Next: 13%
Magic:  4/4        EV:  8    Int:  6    God:
Gold:   152        SH:  7    Dex: 13    Spells: 0 memorised, 4 levels left

rFire  . . .     SeeInvis .       - Unarmed
rCold  . . .     Clarity  .     a - +0 robe
rNeg   + . .     SustAt   .     s - +0 shield
rPois  .         Gourm    +     (helmet restricted)
rElec  .         Spirit   .     (no cloak)
rCorr  .         Warding  +     (gloves unavailable)
rMut   .         Stasis   .     (boots unavailable)
MR     .....                    o - amulet of warding
Stlth  ++........               (no ring)
                                (no ring)

@: not resistant to hostile enchantments, unstealthy
A: unfitting armour, claws 3, fast metabolism 3, gourmand, regeneration 2,
shaggy fur 1, tough skin 2
a: no special abilities


You were on level 4 of the Dungeon.
You were very full.

You visited 1 branch of the dungeon, and saw 4 of its levels.

You collected 152 gold pieces.

Inventory:

Armour
 a - a +0 robe (worn)
 s - a +0 shield (worn)
Jewellery
 o - an amulet of warding (around neck)
Wands
 q - a wand of digging (8)
Scrolls
 c - a scroll of remove curse {unknown}
 e - 3 scrolls of fear {unknown}
 j - a scroll of teleportation {unknown}
 n - a scroll of enchant weapon {unknown}
 p - a scroll of magic mapping {unknown}
Potions
 f - 2 potions of heal wounds {unknown}
 g - a potion of haste {unknown}
 k - a potion of curing {unknown}
 l - a potion of invisibility {unknown}
 t - a potion of mutation {unknown}
Comestibles
 b - 4 bread rations
 d - 9 fruits
 h - a slice of pizza
 i - 5 chunks of flesh
 m - a meat ration
 r - a royal jelly


   Skills:
 * Level 3.0 Fighting
 + Level 3.4 Dodging
 + Level 1.2 Stealth
 * Level 0.1 Shields
 * Level 5.1 Unarmed Combat


You had 4 spell levels left.
You didn't know any spells.

Dungeon Overview and Level Annotations

Branches:
Dungeon (4/15)
 Temple: D:4-7

Altars:
Sif Muna


Innate Abilities, Weirdness & Mutations

You are too large for most types of armour.
You have claws for hands.
Your metabolism is lightning-fast.
You like to eat raw meat.
You heal very quickly.
You are covered in fur (AC +1).
You have very tough skin (AC +2).


Message History

You barely miss the orc.
The orc is almost dead.
You block the hound's attack. The orc hits you but does no damage.
The hound bites you but does no damage.
You closely miss the orc.
The orc is almost dead.
The hound bites you.
* * * LOW HITPOINT WARNING * * *
The orc hits you with a hand axe.
* * * LOW HITPOINT WARNING * * *
You scratch the orc but do no damage.
The orc is almost dead.
You block the hound's attack. The orc hits you with a hand axe.
* * * LOW HITPOINT WARNING * * *
The hound bites you.
* * * LOW HITPOINT WARNING * * *
You completely miss the orc.
The orc is almost dead.
The hound barely misses you. The orc hits you with a hand axe.
You die...

#####
#...#
#...#
#...#
##...##
#<....#
##.)h.#
#.@..#
#o)..#
##......
........#
........#
#........#
#.#+#+####
#.


You could see a hound and an orc.

Vanquished Creatures
  An orc wizard (D:4)
  3 adders
  An ooze (D:1)
  3 worms
  2 giant geckos
  6 orcs
  6 giant cockroaches
  9 goblins
  9 hobgoblins
  4 jackals (D:2)
  6 kobolds
  2 ball pythons
  13 bats
  3 giant newts (D:3)
  A quokka (D:3)
  A rat (D:1)
70 creatures vanquished.

Notes
Turn   | Place    | Note
--------------------------------------------------------------
     0 | D:1      | JudasIscariot the Troll Monk began the quest for the Orb.
     0 | D:1      | Reached XP level 1. HP: 22/22 MP: 0/0
    60 | D:1      | Reached XP level 2. HP: 26/29 MP: 1/1
   866 | D:2      | Reached XP level 3. HP: 36/36 MP: 2/2
   873 | D:2      | Found a faded altar to an unknown god.
  1415 | D:3      | Reached XP level 4. HP: 41/44 MP: 3/3
  1895 | D:3      | Found a deep blue altar of Sif Muna.
  1975 | D:3      | Reached skill level 5 in Unarmed Combat
  2084 | D:4      | Reached XP level 5. HP: 18/53 MP: 4/4
  2090 | D:4      | HP: 1/53 [hound (3)]
  2091 | D:4      | Slain by an orc

Action                   |  1- 3 |  4- 6 || total
-------------------------+-------+-------++-------
Melee: Unarmed           |   102 |    86 ||   188
 Stab: Sleeping          |     1 |     1 ||     2
  Eat: Chunk             |    18 |     6 ||    24
